 Dungeon Crawl Stone Soup version 0.18.1-50-g88ac8fd (webtiles) character file.

68 shiningwizard the Sneak (level 4, 0/40 HPs)
             Began as a Kobold Assassin on Nov 27, 2016.
             Succumbed to an adder's poison
             ... on level 2 of the Dungeon.
             The game lasted 00:14:15 (1155 turns).

shiningwizard the Sneak (Kobold Assassin)           Turns: 1155, Time: 00:14:16

Health: 0/40       AC: 22    Str:  9    XL:     4   Next: 41%
Magic:  4/4        EV:  3    Int: 10    God:
Gold:   26         SH:  0    Dex: 17    Spells: 0 memorised, 3 levels left

rFire  . . .     SeeInvis .     o - +0 short sword
rCold  . . .     Gourm    .     (armour currently unavailable)
rNeg   + + +     Faith    .     (shield restricted)
rPois  +         Spirit   .     (helmet currently unavailable)
rElec  .         Dismiss  .     (cloak currently unavailable)
rCorr  .         Reflect  .     (gloves currently unavailable)
SustAt .         Harm     .     (boots currently unavailable)
MR     .....     NoTele   +     (no amulet)
Stlth  +++++.....               (no ring)
                                (no ring)

@: lethally poisoned (0 -> -8), tree-form, not resistant to hostile
enchantments, quite stealthy
A: carnivore 3
a: no special abilities


You were on level 2 of the Dungeon.
You were hungry.
You were a tree.
You visited 1 branch of the dungeon, and saw 2 of its levels.

You collected 26 gold pieces.

Inventory:

Hand Weapons
 a - a +2 dagger
 b - a +0 blowgun
 o - a +0 short sword (weapon)
Missiles
 e - 8 poisoned needles
 f - 2 curare-tipped needles
Armour
 c - a +0 robe (melded)
 d - a +0 cloak (melded)
 q - a cursed +0 ring mail
Jewellery
 m - an uncursed ring of ice
Scrolls
 i - a scroll of teleportation
 p - a scroll of blinking {unknown}
 r - a scroll of noise {unknown}
 s - a scroll of fog {unknown}
 u - a scroll of magic mapping {unknown}
Potions
 n - a potion of cure mutation
Comestibles
 g - 4 meat rations
 l - a beef jerky


   Skills:
 + Level 2.3 Fighting
 + Level 3.1 Short Blades
 + Level 2.5 Throwing
 + Level 2.4 Dodging
 + Level 6.7 Stealth


You had 3 spell levels left.
You didn't know any spells.

Dungeon Overview and Level Annotations

Branches:
Dungeon (2/15)

Altars:
Ashenzari
Fedhas
Ru


Innate Abilities, Weirdness & Mutations

You are small and have problems with some larger weapons.
You are carnivorous and can eat meat at any time.


Message History

* * * LOW HITPOINT WARNING * * *
You feel sick.
Drink which item? (? for menu, Esc to quit)
It was a potion of lignification.
You turn into a tree.
Your +0 cloak melds into your body.
Your +0 robe melds into your body.
Your roots penetrate the ground.
* * * LOW HITPOINT WARNING * * *
You feel sick.
Read which item? (? for menu, Esc to quit)
As you read the scroll labeled AMUC ALAKOMNINK, it crumbles to dust.
It is a scroll of identify.
Identify which item? (\ to view known items) (? for menu, Esc to quit)
m - an uncursed ring of ice
* * * LOW HITPOINT WARNING * * *
You feel sick.
Read which item? (? for menu, Esc to quit)
As you read the scroll labeled DEMAM LOAFF, it crumbles to dust.
You assume a fearsome visage.
Nothing appears to happen.
It was a scroll of fear.
You die...

#....# #.##.# .... #.##.#
.... #.##.#########...
#.#............. .##.##.
###'#...........#### .#.#.
##<.............#..### #####
.#...................###...#
................♣......#._.+
#####...........#....###...
≈≈≈..#.##########..###.####
...≈..#.## ######....#.#
._.≈...#.# #........##.##
...≈..#.## #.#......#...#
≈≈≈..#.## ##'#.....##...##
#####..#######........#.....#
†....#.......'<.......#.....#


There were no monsters in sight!

Vanquished Creatures
  An adder (D:2)
  A gnoll (D:2)
  2 worms (D:2)
  3 dart slugs
  A giant gecko (D:1)
  2 giant cockroaches
  3 hobgoblins
  4 jackals (D:1)
  7 kobolds
  A bat (D:2)
  7 giant newts
  A goblin (D:1)
  8 rats
41 creatures vanquished.

Notes
Turn   | Place    | Note
--------------------------------------------------------------
     0 | D:1      | shiningwizard the Kobold Assassin began the quest for the Orb.
     0 | D:1      | Reached XP level 1. HP: 12/12 MP: 1/1
   102 | D:1      | Reached XP level 2. HP: 8/17 MP: 2/2
   405 | D:1      | Reached skill level 6 in Stealth
   408 | D:1      | Reached XP level 3. HP: 18/22 MP: 3/3
   517 | D:2      | Found a shattered altar of Ashenzari.
   773 | D:2      | Found a blossoming altar of Fedhas.
   874 | D:2      | Reached XP level 4. HP: 12/27 MP: 4/4
  1016 | D:2      | Found a sacrificial altar of Ru.
  1153 | D:2      | HP: 2/40 [poisoned by an adder]
  1155 | D:2      | Succumbed to an adder's poison

Skill      XL: |  1  2  3 |
---------------+----------+-----
Stealth        | 6 |  6.7
Short Blades   | 3 |  3.1
Dodging        | 2 |  2.4
Fighting       | |  2.3
Throwing       | |  2.5

Action                   |  1- 3 |  4- 6 || total
-------------------------+-------+-------++-------
Melee: Dagger            |    70 |       ||    70
       Short sword       |    47 |    37 ||    84
  Use: Scroll            |     1 |     2 ||     3
       Potion            |       |     2 ||     2
 Stab: Sleeping          |     8 |     2 ||    10
       Distracted        |     1 |       ||     1
Armor: Robe              |    18 |     1 ||    19
Dodge: Dodged            |    60 |    15 ||    75
